 Dungeon Crawl Stone Soup version 0.20.1-1-g8b1a95d (webtiles) character file.

113 Gargoyl the Skirmisher (level 4, -4/41 HPs)
             Began as a Minotaur Abyssal Knight on Sept 25, 2017.
             Was a Believer of Lugonu.
             Slain by Teleutos's ghost (11 damage)
             ... on level 3 of the Dungeon.
             The game lasted 00:04:22 (2401 turns).

Gargoyl the Skirmisher (Minotaur Abyssal Knight)    Turns: 2401, Time: 00:04:23

Health: -4/41      AC:  9    Str: 16    XL:     4   Next: 65%
Magic:  5/5        EV:  4    Int:  9    God:    Lugonu [**....]
Gold:   98         SH:  7    Dex: 11    Spells: 3/3 levels left

rFire    . . .     SeeInvis .   a - +2 hand axe
rCold    . . .     Gourm    .   i - +0 shield
rNeg     . . .     Faith    .   h - +0 chain mail
rPois    .         Spirit   .   (helmet restricted)
rElec    .         Reflect  .   (no cloak)
rCorr    .         Harm     .   (no gloves)
MR       .....                  (no boots)
Stlth    ..........             (no amulet)
Regen    0.2/turn               (no ring)
MPRegen  0.1/turn               (no ring)

@: no status effects
A: retaliatory headbutt, horns 2
a: Depart the Abyss, Bend Space, Renounce Religion


You were on level 3 of the Dungeon.
You worshipped Lugonu.
Lugonu was pleased with you.
You were not hungry.

You visited 1 branch of the dungeon, and saw 3 of its levels.
You visited the Abyss 1 time.

You collected 98 gold pieces.

Inventory:

Hand Weapons
 a - a +2 hand axe (weapon)
Armour
 h - a +0 chain mail (worn)
 i - a +0 shield (worn)
Jewellery
 e - a cursed -5 ring of dexterity {unknown}
 j - an uncursed ring of ice {unknown}
Scrolls
 b - a scroll of blinking
 d - a scroll of amnesia {unknown}
 f - 4 scrolls of remove curse
 k - a scroll of identify
Potions
 g - a potion of curing
Comestibles
 c - 3 bread rations


   Skills:
 + Level 4.7 Fighting
 + Level 2.6 Axes
 * Level 4.0 Armour
 + Level 1.3 Dodging
 + Level 0.5 Shields
 * Level 2.7 Invocations


You had 3 spell levels left.
You didn't know any spells.

Dungeon Overview and Level Annotations

Branches:
Dungeon (3/15)

Altars:

Annotations:
D:3 Teleutos's ghost, amateur HuFi


Innate Abilities, Weirdness & Mutations

You reflexively headbutt those who attack you in melee.
You have a pair of horns on your head.


Message History

You block Teleutos's ghost's attack.
There is a stone staircase leading up here.
You hit Teleutos's ghost.
Teleutos's ghost is lightly damaged.
Teleutos's ghost hits you! x2
Your shield and chain mail prevent you from hitting Teleutos's ghost.
Teleutos's ghost is lightly damaged.
Teleutos's ghost hits you!
* * * LOW HITPOINT WARNING * * *
You hit Teleutos's ghost but do no damage.
Teleutos's ghost is lightly damaged.
Teleutos's ghost hits you.
* * * LOW HITPOINT WARNING * * *
Your shield and chain mail prevent you from hitting Teleutos's ghost.
Teleutos's ghost is lightly damaged.
You block Teleutos's ghost's attack. x2
You closely miss Teleutos's ghost.
Teleutos's ghost is lightly damaged.
Teleutos's ghost hits you!
You die...

#.#...... .. # #.#
####.#.#.### #.##.
.....#......#.###
..#.###.##.#.##........
.......#.##.#)######.###
#..#.#.#.##.#.######.###
#..................#....
#......##.#.####.#####
#@W...#.#........#
#................#
#.......#.........
.........#...........
....##.#####..........
......... #..[.......
#.#.##.##. #..........
... ?.##.##.......... ..
#.............


You could see Teleutos's ghost.

Vanquished Creatures
  5 adders
  A dart slug (D:1)
  A leopard gecko (D:1)
  5 orcs
  A ball python (D:2)
  8 bats
  2 giant cockroaches
  7 goblins
  7 hobgoblins
  8 frilled lizards
  6 kobolds
  13 rats
64 creatures vanquished.

Notes
Turn   | Place    | Note
-------+----------+-------------------------------------------
     0 | Abyss:1  | Gargoyl the Minotaur Abyssal Knight began the quest for the Orb.
     0 | Abyss:1  | Reached XP level 1. HP: 19/19 MP: 1/1
    46 | Abyss:1  | Noticed a spatial maelstrom
    50 | Abyss:1  | Noticed a spatial vortex
    50 | D:1      | Escaped the Abyss
   196 | D:1      | Reached XP level 2. HP: 27/27 MP: 2/2
   207 | D:1      | Reached * piety under Lugonu
  1003 | D:2      | Reached XP level 3. HP: 34/34 MP: 3/3
  1353 | D:2      | Reached ** piety under Lugonu
  1672 | D:2      | Reached XP level 4. HP: 38/41 MP: 4/4
  2221 | D:3      | Noticed Teleutos's ghost (amateur HuFi)
  2401 | D:3      | Slain by Teleutos's ghost

Skill      XL: |  1  2  3  4 |
---------------+-------------+-----
Invocations    | 2 |  2.7
Fighting       | 4 |  4.7
Armour         | 3 4 |  4.0
Axes           | |  2.6
Dodging        | |  1.3
Shields        | |  0.5

Action                   |  1- 3 |  4- 6 || total
-------------------------+-------+-------++-------
Melee: Hand axe          |    81 |    62 ||   143
       Headbutt          |    12 |     5 ||    17
Invok: Depart the Abyss  |     1 |       ||     1
  Use: Scroll            |     6 |       ||     6
       Potion            |     2 |     1 ||     3
  Eat: Chunk             |     1 |     4 ||     5
Armor: Leather armour    |    12 |       ||    12
       Scale mail        |    18 |       ||    18
       Chain mail        |    29 |    38 ||    67
Dodge: Dodged            |    34 |     9 ||    43
Block: Shield            |    19 |    27 ||    46
